 Dungeon Crawl Stone Soup version 0.19-a0-1831-gd4c818f (webtiles) character file.

227 TheGoonsmith the Conjurer (level 5, -4/28 HPs)
             Began as a Deep Elf Conjurer on Oct 7, 2016.
             Killed by nerve-wracking pain
             ... invoked by an orc priest
              (13 damage)
             ... on level 3 of the Dungeon.
             The game lasted 00:02:38 (1594 turns).

TheGoonsmith the Conjurer (Deep Elf Conjurer)       Turns: 1594, Time: 00:02:39

Health: -4/28      AC:  3    Str:  5    XL:     5   Next: 70%
Magic:  2/14       EV: 13    Int: 21    God:
Gold:   92         SH:  0    Dex: 15    Spells: 3 memorised, 7 levels left

rFire  . . .     SeeInvis .     e - +0 short sword
rCold  . . .     Gourm    .     a - +0 robe
rNeg   . . .     Faith    .     (no shield)
rPois  .         Spirit   .     (no helmet)
rElec  .         Dismiss  .     d - +0 cloak
rCorr  .         Reflect  .     (no gloves)
MR     .....     Harm     .     (no boots)
Stlth  ++........               (no amulet)
                                (no ring)
                                (no ring)

@: no status effects
A: no striking features
a: no special abilities


You were on level 3 of the Dungeon.
You were not hungry.

You visited 1 branch of the dungeon, and saw 3 of its levels.

You collected 92 gold pieces.

Inventory:

Hand Weapons
 e - a +0 short sword (weapon)
Armour
 a - a +0 robe (worn)
 d - a +0 cloak (worn)
 l - a +0 buckler
Scrolls
 h - 6 scrolls of identify {unknown}
 k - a scroll of random uselessness {unknown}
 o - a scroll of teleportation {unknown}
Potions
 g - 2 potions of curing {unknown}
 i - a potion of cure mutation {unknown}
 m - a potion of lignification {unknown}
Books
 b - a book of Conjurations

   Spells                             Type                      Level
   a - Magic Dart                     Conjuration                  1
   b - Searing Ray                    Conjuration                  2
   c - Dazzling Spray                 Conjuration/Hexes            3
   d - Fulminant Prism                Conjuration/Hexes            4
   e - Iskenderun's Mystic Blast      Conjuration                  4
   f - Iskenderun's Battlesphere      Conjuration/Charms           5
Comestibles
 c - a bread ration
 f - a meat ration
 j - a beef jerky
 n - 4 chunks of flesh


   Skills:
 - Level 2.4 Dodging
 - Level 2.4 Stealth
 + Level 5.0 Spellcasting
 * Level 6.6 Conjurations
 + Level 2.1 Hexes


You had 7 spell levels left.
You knew the following spells:

 Your Spells              Type           Power        Failure   Level  Hunger
a - Magic Dart            Conj           ####         1%          1    None
b - Searing Ray           Conj           ####..       1%          2    None
c - Fulminant Prism       Conj/Hex       ###.......   21%         4    ####...


Dungeon Overview and Level Annotations

Branches:
Dungeon (3/15)

Altars:
Beogh


Message History

The orc priest hits you with a hand axe of flaming.
The orc priest burns you.
You hit the orc priest.
The orc priest is severely wounded.
The orc priest invokes the aid of Beogh against you.
Beogh smites you!
You barely miss the orc priest.
The orc priest is severely wounded.
The orc priest misses you.
An orc wizard comes into view. It is wielding a dagger.
You hit the orc priest but do no damage.
The orc priest is severely wounded.
The orc priest barely misses you.
You hit the orc priest but do no damage.
The orc priest is severely wounded.
The orc priest hits you with a hand axe of flaming.
The orc priest burns you.
The orc priest invokes the aid of Beogh against you.
Pain shoots through your body!
You die...

######
.##..#############
.................#
.##..###########.#
.....###########@#
...............#.#
.#...########.#.o#
####.....# #.#o##
......##.####.#)#
....#.##........'..oo_#
..#.#.##.#.####.#.8$8o#
..............#.##$.o##
....#.####.##.#.. ####


You could see an orc priest and an orc wizard.

Vanquished Creatures
  A hound (D:3)
  An orc priest (D:3)
  2 orc wizards (D:3)
  Natasha (D:2)
  4 adders
  A worm (D:2)
  A dart slug (D:2)
  4 leopard geckos
  8 bats
  A giant cockroach (D:2)
  5 goblins
  6 hobgoblins
  2 jackals (D:3)
  A ball python (D:1)
  2 frilled lizards (D:2)
  6 kobolds
  7 rats
53 creatures vanquished.

Notes
Turn   | Place    | Note
-------+----------+-------------------------------------------
     0 | D:1      | TheGoonsmith the Deep Elf Conjurer began the quest for the Orb.
     0 | D:1      | Reached XP level 1. HP: 10/10 MP: 6/6
   441 | D:1      | Reached XP level 2. HP: 15/15 MP: 6/8
   604 | D:2      | Found a faded altar of an unknown god.
   610 | D:2      | Reached skill level 5 in Conjurations
   736 | D:2      | Reached XP level 3. HP: 19/19 MP: 2/10
   740 | D:2      | Learned a level 2 spell: Searing Ray
   884 | D:2      | Noticed Natasha
   888 | D:2      | Killed Natasha
  1045 | D:2      | Reached XP level 4. HP: 24/24 MP: 8/12
  1173 | D:2      | Learned a level 4 spell: Fulminant Prism
  1277 | D:3      | Reached skill level 6 in Conjurations
  1358 | D:3      | Reached skill level 1 in Hexes
  1364 | D:3      | Reached XP level 5. HP: 28/28 MP: 6/13
  1570 | D:3      | Found a roughly hewn altar of Beogh.
  1583 | D:3      | Reached skill level 5 in Spellcasting
  1594 | D:3      | Killed from afar by an orc priest

Vault maps used:
D:1:      evilmike_arrival_crescent, minmay_misc_feat_plants,
          serial_bayou_pond_d
D:2:      ecumenical_altar_2, uniq_natasha
D:3:      first_bread, kennysheep_orc_chapel

Skill      XL: |  1  2  3  4  5 |
---------------+----------------+-----
Conjurations   | 5 6 |  6.6
Spellcasting   | 4 5 |  5.0
Hexes          | 1 2 |  2.1
Dodging        | |  2.4
Stealth        | |  2.4

Action                   |  1- 3 |  4- 6 || total
-------------------------+-------+-------++-------
Melee: Short sword       |       |     6 ||     6
 Cast: Magic Dart        |    46 |    40 ||    86
       Searing Ray       |     1 |     4 ||     5
  Eat: Chunk             |       |     2 ||     2
Armor: Robe              |       |     1 ||     1
Dodge: Dodged            |     1 |     3 ||     4
